 Dungeon Crawl Stone Soup version 0.27.1-4-g1640c2035a (console) character file.

Game seed: 14129163523782819649

108 om the Grave Robber (level 4, 0/36 HPs)
             Began as a Ghoul Necromancer on Nov 16, 2021.
             Splashed by a jelly's acid (9 damage)
             ... on level 4 of the Dungeon.
             The game lasted 00:08:01 (4915 turns).

om the Grave Robber (Ghoul Necromancer)             Turns: 4915, Time: 00:08:02

Health: 0/36       AC: -4    Str: 11    XL:     4   Next: 87%
Magic:  3/6        EV: 12    Int: 11    God:
Gold:   158        SH:  0    Dex:  9    Spells: 3/7 levels left

rFire    . . .     SeeInvis .     - Unarmed
rCold    + . .     Faith    .   (no shield)
rNeg     + + +     Spirit   .   a - +1 robe
rPois    ∞         Reflect  .   d - +0 helmet
rElec    .         Harm     .   (no cloak)
rCorr    .         Rampage  .   (no gloves)
Will     .....                  (no boots)
Stlth    ++........             (no amulet)
HPRegen  0.00/turn              (no ring)
MPRegen  0.10/turn              (no ring)

@: corroded, inhibited regen
A: claws 1, cold resistance 1, negative energy resistance 3, inhibited
regeneration, torment resistance 2
a: no special abilities


You were on level 4 of the Dungeon.
You visited 1 branch of the dungeon, and saw 4 of its levels.

You collected 158 gold pieces.

Inventory:

Armour
 a - a +1 robe (worn)
 d - a +0 helmet (worn)
Jewellery
 c - a +6 ring of intelligence
 h - an amulet of guardian spirit
Scrolls
 f - a scroll of teleportation {unknown}
 g - a scroll of enchant armour
Potions
 b - a potion of cancellation
 e - a potion of berserk rage {unknown}


   Skills:
 + Level 2.0 Fighting
 - Level 3.0 Dodging
 - Level 3.0 Stealth
 + Level 2.0 Unarmed Combat
 - Level 2.0 Spellcasting
 - Level 4.0 Necromancy


You had 3 spell levels left.
You knew the following spells:

 Your Spells              Type           Power      Damage    Failure   Level
a - Pain                  Necr           36%        1d5       5%          1
b - Vampiric Draining     Necr           4%         2d6       17%         3

Your spell library contained the following spells:

 Spells                   Type           Power      Damage    Failure   Level
 Animate Skeleton         Necr           18%        N/A       5%          1
 Animate Dead             Necr           4%         N/A       50%         4
 Agony                    Necr           9%         N/A       83%         5


Dungeon Overview and Level Annotations

Branches:
Dungeon (4/15)
 Temple: D:4-7

Altars:


Innate Abilities, Weirdness & Mutations

You thrive by killing the living.
You are immune to poison.
You have sharp fingernails.
Your flesh is cold resistant. (rC+)
You are immune to negative energy. (rN+++)
You do not regenerate when monsters are visible.
You are immune to unholy pain and torment.


Message History

You see here 20 stones.
You open the door.
There is an open door here.
Found 29 bolts.
You see here 29 bolts.
Done exploring.
No target in view!
Done exploring.
Done exploring.
(D) Dungeon
Where to? (Enter - D:3, ? - help)
There is a stone staircase leading down here.
You climb downwards.
There is a stone staircase leading up here.
A jelly is nearby!
Aiming: Pain (safe; 5% risk of failure)
Press: ? - help, Q - select action Shift-Dir - straight line, f - jelly
Aim: a jelly (chance to affect: 68%)
The jelly struggles to resist.
Aiming: Pain (safe; 5% risk of failure)
Press: ? - help, Q - select action Shift-Dir - straight line, f/p - jelly
Aim: a jelly (chance to affect: 68%)
The jelly writhes in agony.
Aiming: Pain (safe; 5% risk of failure)
Press: ? - help, Q - select action Shift-Dir - straight line, f/p - jelly
Aim: a jelly (lightly wounded, chance to affect: 68%)
The jelly struggles to resist.
The jelly barely misses you.
You scratch the jelly. The acid corrodes you!
Your claws burn!
The jelly is heavily wounded.
The jelly hits you. The acid corrodes you!
You are splashed with acid!
You scratch the jelly.
Your claws burn!
The jelly is severely wounded.
The jelly hits you. The acid corrodes you!
You are splashed with acid!
* * * LOW HITPOINT WARNING * * *
There is a stone staircase leading up here.
The jelly hits you.
* * * LOW HITPOINT WARNING * * *
You are splashed with acid!
You die...

###
...
..#
#.#
#.#
#.#
#.#
#J#
#@#
###


You could see a jelly.

Vanquished Creatures
  4 adders
  3 worms (D:2)
  A dart slug (D:2)
  An orc (D:3)
  8 ball pythons
  9 endoplasms
  2 giant cockroaches
  4 hobgoblins
  6 kobolds
  5 quokkas
  4 bats
  2 frilled lizards
  5 goblins
54 creatures vanquished.

Notes
Turn   | Place    | Note
-------+----------+-------------------------------------------
     0 | D:1      | om the Ghoul Necromancer began the quest for the Orb.
     0 | D:1      | Reached XP level 1. HP: 14/14 MP: 2/2
   386 | D:1      | Reached XP level 2. HP: 16/22 MP: 3/3
  1711 | D:2      | Reached skill level 1 in Fighting
  1711 | D:2      | Reached skill level 1 in Unarmed Combat
  1711 | D:2      | Reached XP level 3. HP: 14/28 MP: 0/5
  2749 | D:2      | Learned a level 3 spell: Vampiric Draining
  2925 | D:2      | Reached XP level 4. HP: 28/35 MP: 0/6
  4722 | D:3      | Found a faded altar of an unknown god.
  4915 | D:4      | Splashed by a jelly's acid

Illustrated notes

Levels and vault maps discovered:
D:1:      elethiomel_arrival_shortcut, layout_loops_ring, feat_on_display
D:2:      layout_basic
D:3:      layout_basic, shapermc_ecumenical_altar_mp_highgroup
D:4:      layout_basic, dk_yredelemnul_ordeal, zin_statuary,
          hangedman_decor_diamond_cutter, uniq_natasha

Skill      XL: |  1  2  3  4 |
---------------+-------------+-----
Dodging        | 2 3 |  3.0
Fighting       | 1 2 |  2.0
Unarmed Combat | 1 2 |  2.0
Spellcasting   | 2 |  2.0
Stealth        | 3 |  3.0
Necromancy     | |  4.0

Action                   |  1- 3 |  4- 6 || total
-------------------------+-------+-------++-------
Melee: Unarmed           |    90 |    50 ||   140
 Cast: Pain              |    77 |    50 ||   127
  Use: Scroll            |     2 |     2 ||     4
Armor: Robe              |    14 |    17 ||    31
Dodge: Dodged            |    54 |    24 ||    78
